 Dungeon Crawl Stone Soup version 0.29-a0-802-g34511f41fd (webtiles) character file.

Game seed: 4734957257784679838

1845 dranuc9 the Thaumaturge (level 8, -3/40 (42) HPs)
             Began as a Deep Elf Conjurer on July 3, 2022.
             Slain by Duvessa
             ... wielding a +6 short sword of draining
              (10 damage)
             ... on level 6 of the Dungeon on July 4, 2022.
             The game lasted 00:50:38 (6807 turns).

dranuc9 the Thaumaturge (Deep Elf Conjurer)         Turns: 6807, Time: 00:50:46

HP:   -3/40 (42)    AC:  4    Str:  4    XL:     8   Next: 88%
MP:   14/23         EV: 13    Int: 32    God:
Gold: 347           SH:  5    Dex: 13    Spells: 19/26 levels left

rFire   . . .      SeeInvis .   y - +0 longbow
rCold   . . .      Faith    .   (shield currently unavailable)
rNeg    . . .      Spirit   .   a - +0 robe
rPois   .          Reflect  +   t - +2 hat
rElec   .          Harm     .   (no cloak)
rCorr   .          Rampage  .   (no gloves)
Will    .....                   (no boots)
Stlth   +++.......              B - amulet of reflection
HPRegen 0.13/turn               j - +6 ring of intelligence
MPRegen 0.18/turn               (no ring)

@: lightly drained
A: no striking features
a: no special abilities


You were on level 6 of the Dungeon.
You visited 1 branch of the dungeon, and saw 6 of its levels.
You also visited: Ossuary.

You collected 347 gold pieces.

Inventory:

Hand Weapons
 y - a +0 longbow (weapon)
 E - a +2 quarterstaff of distortion
Missiles
 A - 4 curare-tipped darts (quivered)
Armour
 a - a +0 robe (worn)
 e - a +1 tower shield of reflection
 t - a +2 hat (worn)
Jewellery
 c - an amulet of regeneration
 j - a +6 ring of intelligence (left hand)
 B - an amulet of reflection (around neck)
Wands
 h - a wand of flame (27)
 r - a wand of roots (8)
Scrolls
 i - 7 scrolls of noise
 k - 2 scrolls of magic mapping
 m - a scroll of vulnerability {unknown}
 o - a scroll of teleportation {unknown}
 p - a scroll of fear
 q - 3 scrolls of immolation
 u - 4 scrolls of fog {unknown}
 C - 3 scrolls of identify
 D - a scroll of enchant armour {unknown}
Potions
 b - 2 potions of magic
 d - a potion of invisibility {unknown}
 f - 3 potions of might
 g - 3 potions of curing
 l - a potion of brilliance {unknown}
 n - a potion of cancellation {unknown}
 s - a potion of flight {unknown}
 v - a potion of lignification {unknown}
 w - 3 potions of heal wounds {unknown}
 x - 4 potions of attraction
 z - a potion of mutation


   Skills:
 + Level 0.4 Fighting
 + Level 4.2 Dodging
 + Level 5.8 Stealth
 + Level 9.8 Spellcasting
 + Level 8.8 Conjurations
 + Level 3.1 Hexes


You had 19 spell levels left.
You knew the following spells:

 Your Spells              Type           Power      Damage    Failure   Level
a - Magic Dart            Conj           100%       1d8       1%          1
b - Searing Ray           Conj           100%       2d8       1%          2
c - Fulminant Prism       Conj/Hex       26%        3d14      2%          4

Your spell library contained the following spells:

 Spells                   Type           Power      Damage    Failure   Level
 Dazzling Flash           Conj/Hex       100%       N/A       1%          3
 Summon Small Mammal      Summ           60%        N/A       3%          1
 Summon Guardian Golem    Hex/Summ       25%        N/A       4%          3
 Iskenderun's Mystic Bla  Conj/Tloc      44%        2d10      4%          4
 Call Canine Familiar     Summ           15%        N/A       10%         3
 Gell's Gravitas          Tloc           15%        N/A       10%         3
 Lesser Beckoning         Tloc           15%        N/A       10%         3
 Teleport Other           Tloc           15%        N/A       10%         3
 Fireball                 Conj/Fire      22%        3d10      14%         5
 Leda's Liquefaction      Hex/Erth       12%        N/A       16%         4
 Starburst                Conj/Fire      22%        6d7       61%         6
 Lee's Rapid Deconstruct  Erth           7%         3d8*      65%         5
 Statue Form              Tmut/Erth      10%        N/A       99%         6
 Ignition                 Fire           7%         3d5       100%        8


Dungeon Overview and Level Annotations

Branches:
Dungeon (6/15)            Ossuary (visited)
 Temple: D:4-7

Altars:
Cheibriados

Annotations:
D:6 Duvessa


Message History

You hear a shout!
You hear a shout!
You hear a bark!
Casting: Searing Ray (safe; 1% risk of failure)
Confirm with . or Enter, or press ? or * to list all spells.
Aiming: Fulminant Prism (dangerous; 2% risk of failure)
Press: ? - help, Dir - move target You conjure a prism of explosive energy!
A fulminant prism comes into view.
Duvessa hits your fulminant prism with a +6 short sword of draining!!
Your fulminant prism detonates feebly.
You hear a bark!
Casting: Fulminant Prism (dangerous; 2% risk of failure)
Confirm with . or Enter, or press ? or * to list all spells.
Aiming: Fulminant Prism (dangerous; 2% risk of failure)
Press: ? - help, Dir - move target You conjure a prism of explosive energy!
A fulminant prism comes into view.
Duvessa hits you with a +6 short sword of draining!
You feel drained.
Casting: Fulminant Prism (dangerous; 2% risk of failure)
Confirm with . or Enter, or press ? or * to list all spells.
Aiming: Searing Ray (safe; 1% risk of failure)
Press: ? - help, Shift-Dir - straight line, f - fulminant prism
Aim: a fulminant prism (friendly, 100% to hit)
Okay, then.
Casting: Searing Ray (safe; 1% risk of failure)
Confirm with . or Enter, or press ? or * to list all spells.
Aiming: Magic Dart (safe; 1% risk of failure)
Press: ? - help, Shift-Dir - straight line, f - Duvessa
Aim: Duvessa, wielding a +6 short sword of draining and wearing a +0 chain mail (berserk, ally target, 100% to hit)
The magic dart hits Duvessa!
Duvessa is lightly wounded.
Duvessa hits you with a +6 short sword of draining!
* * * LOW HITPOINT WARNING * * *
You feel drained.
* * * LOW HITPOINT WARNING * * *
A hound comes into view.
Your fulminant prism crackles loudly.
Duvessa hits you with a +6 short sword of draining!
You die...

####........#####......#.#
## #........# ######.#.# .#
#........# #.#.# .#
#........####### #.#.# .#
#######........####.#.#
###### #.............#.#
D....#####...............#
................<......###
................@e.*...#
.....................[.#
..................#h##.#
..................#..#.#
..................##'#.#####
...........................#
.#####.....................#
##....................#
########.........#


You could see Duvessa (berserk, ally target), a hound and a friendly fulminant
prism.

Vanquished Creatures
  Grinder (D:6)
  Sigmund (D:6)
  2 steam dragons (D:6)
  A water moccasin (D:6)
  2 black bears
  An ogre (D:6)
  A bullfrog (D:6)
  A necrophage (D:5)
  A scorpion (D:5)
  Dowan (D:6)
  A howler monkey (D:3)
  A centaur zombie (Ossuary)
  2 jellies
  A hound (D:4)
  2 human zombies (Ossuary)
  2 iguanas (D:6)
  2 orc wizards (D:5)
  5 mummies
  Robin (D:2)
  3 gnolls (D:5)
  6 adders
  A white imp (D:5)
  A worm (D:2)
  A dart slug (D:3)
  15 orcs
  5 bats
  6 endoplasms
  5 giant cockroaches
  18 goblins
  6 hobgoblins
  6 quokkas
  9 ball pythons
  A frilled lizard (D:2)
  A goblin zombie (Ossuary)
  A hobgoblin zombie (Ossuary)
  4 kobolds
  3 kobold zombies (Ossuary)
  4 rats
125 creatures vanquished.

Vanquished Creatures (others)
  19 fulminant prisms
  11 plants (D:6)
30 creatures vanquished.

Grand Total: 155 creatures vanquished

Notes
Turn   | Place    | Note
-------+----------+-------------------------------------------
     0 | D:1      | dranuc9 the Deep Elf Conjurer began the quest for the Orb.
     0 | D:1      | Reached XP level 1. HP: 10/10 MP: 6/6
   203 | D:1      | Reached XP level 2. HP: 15/15 MP: 6/8
   206 | D:1      | Learned a level 2 spell: Searing Ray
   335 | D:1      | Reached skill level 5 in Conjurations
   984 | D:2      | Reached XP level 3. HP: 19/19 MP: 4/9
  1470 | D:2      | Noticed Robin
  1476 | D:2      | Killed Robin
  1477 | D:2      | Reached XP level 4. HP: 24/24 MP: 0/11
  1892 | D:2      | Reached skill level 4 in Spellcasting
  1993 | D:2      | You fall into a shaft and drop 1 floor!
  2020 | D:3      | Reached XP level 5. HP: 20/28 MP: 3/13
  2339 | D:3      | Learned a level 4 spell: Fulminant Prism
  2498 | D:3      | Found a snail-covered altar of Cheibriados.
  3560 | D:4      | Noticed a black bear
  3703 | D:4      | Killed a black bear
  3704 | D:4      | Reached skill level 5 in Spellcasting
  3704 | D:4      | Reached XP level 6. HP: 32/32 MP: 3/15
  4269 | D:5      | Entered Level 5 of the Dungeon
  4289 | D:5      | Found a sand-covered staircase.
  4318 | Ossuary  | Entered an ossuary
  4641 | Ossuary  | Reached skill level 1 in Hexes
  5000 | D:5      | Reached skill level 6 in Spellcasting
  5000 | D:5      | Reached XP level 7. HP: 36/36 MP: 13/18
  5350 | D:5      | Reached skill level 5 in Stealth
  5422 | D:5      | Reached skill level 7 in Spellcasting
  5933 | D:6      | Noticed Sigmund
  5963 | D:6      | Killed Sigmund
  6165 | D:6      | Noticed Dowan
  6174 | D:6      | Noticed Duvessa
  6187 | D:6      | Reached skill level 8 in Spellcasting
  6187 | D:6      | Reached XP level 8. HP: 41/41 MP: 12/22
  6194 | D:6      | Killed Dowan
  6427 | D:6      | Noticed Grinder
  6434 | D:6      | Paralysed by Grinder for 4 turns
  6440 | D:6      | Killed Grinder
  6473 | D:6      | Reached skill level 9 in Spellcasting
  6807 | D:6      | Slain by Duvessa

Illustrated notes

Levels and vault maps discovered:
D:1:      ncdulo_wetmaze, layout_basic
D:2:      minmay_spotlight, layout_loops_ring, basic_altar, uniq_robin
D:3:      layout_basic, kennysheep_slug_shrine
D:4:      layout_basic
D:5:      layout_basic, gup_ossuary_entry_pyramid, nicolae_eternal_life
D:6:      layout_basic, minmay_temple_entry_enclosed_plants, uniq_grinder,
          uniq_menkaure, uniq_sigmund, uniq_duvessa

Skill      XL: |  1  2  3  4  5  6  7  8 |
---------------+-------------------------+-----
Conjurations   | 5 6 7 8 |  8.8
Spellcasting   | 4 5 6 8 9 |  9.8
Stealth        | 4 5 |  5.8
Hexes          | 1 2 3 |  3.1
Dodging        | 3 4 |  4.2
Fighting       | |  0.4

Action                   |  1- 3 |  4- 6 |  7- 9 || total
-------------------------+-------+-------+-------++-------
 Cast: Magic Dart        |    63 |    87 |    17 ||   167
       Searing Ray       |     2 |    26 |    17 ||    45
       Fulminant Prism   |       |     2 |    18 ||    20
  Use: Scroll            |     2 |     4 |       ||     6
Armor: Robe              |       |     6 |       ||     6
Dodge: Dodged            |       |    14 |     6 ||    20
Block: Other             |       |       |     1 ||     1

Table legend: (Time is in decaauts)
 A = Elapsed time spent in this place.
 B = Non-inter-level travel time spent in this place.
 C = Inter-level travel time spent in this place.
 D = Time resting spent in this place.
 E = Time spent auto-exploring this place.
 F = Levels seen in this place.
 G = Mean time per level.
                   A        B        C        D        E       F      G
               +--------+--------+--------+--------+--------+-----+--------+
         Total |   6811 |   6304 |    507 |   1478 |   3674 |   7 |  973.0 |
       Dungeon |   6321 |   5814 |    507 |   1236 |   3674 |   6 | 1053.5 |
       Ossuary |    489 |    489 |      0 |    242 |      0 |   1 |  489.0 |
               +--------+--------+--------+--------+--------+-----+--------+

Top non-repeatable levels by time:
     D:4: 1372 daAuts
     D:5: 1256 daAuts
     D:2: 1181 daAuts
     D:1: 925 daAuts
     D:3: 794 daAuts
     D:6: 791 daAuts
 Ossuary: 489 daAuts
